TOP OF THE 1ST |
Texas (APP) Rangers batting - Pitching for Bluefield Blue Jays : RHP Scott Lowry
|
Pitching: RHP Scott Lowry
|
|
Batting: LHB Walter Vegter
|
0-0: Ball 1-0: Foul Ball, location: 2F 1-1: Foul Ball, location: 2F 1-2: Ball 2-2: Ball 3-2: Strikes out looking
|
Batting: RHB Sal Cervantes
|
0-0: Fly out, F8 (Flyball, 8RD, EV 81.9 MPH)
|
Batting: LHB Tomoya Hashimoto
|
0-0: Ball 1-0: SOLO HOME RUN (Line Drive, 9LD, EV 93.8 MPH), Distance : 345 ft
|
Batting: RHB Bryan Wheeler
|
0-0: DOUBLE (Groundball, 5L, EV 102.5 MPH)
|
Batting: RHB Rafael Tapia
|
0-0: Foul Ball, location: 2F 0-1: Ground out 5-3 (Groundball, 56, EV 83.1 MPH)
|
Top of the 1st over - 1 run, 2 hits, 0 errors, 1 left on base; Texas (APP) 1 - Bluefield 0 |
BOTTOM OF THE 1ST |
Bluefield Blue Jays batting - Pitching for Texas (APP) Rangers : RHP Bobby Scott
|
Pitching: RHP Bobby Scott
|
|
Batting: RHB Stephen Casteel
|
0-0: Swinging Strike 0-1: Foul Ball, location: 2F 0-2: Ball 1-2: Foul Ball, location: 2F 1-2: Foul Ball, location: 2F 1-2: Strikes out swinging
|
Batting: LHB Kurt Estep
|
0-0: Swinging Strike 0-1: Ground out 4-3 (Groundball, 4, EV 109.4 MPH)
|
Batting: RHB Bill Murray
|
0-0: SINGLE (Groundball, 6S, EV 69.4 MPH) (infield hit)
|
Batting: LHB Lothar Middelkoop
|
0-0: Ball Bill Murray steals 2nd base 1-0: Called Strike 1-1: Ground out 4-3 (Groundball, 4M, EV 81.9 MPH)
|
Bottom of the 1st over - 0 runs, 1 hit, 0 errors, 1 left on base; Texas (APP) 1 - Bluefield 0 |
TOP OF THE 2ND |
Texas (APP) Rangers batting - Pitching for Bluefield Blue Jays : RHP Scott Lowry
|
Batting: RHB Morgan Harding
|
0-0: Ball 1-0: Called Strike 1-1: Swinging Strike 1-2: Ground out 5-3 (Groundball, 56S, EV 80.6 MPH)
|
Batting: SHB Albert Ortiz
|
0-0: Called Strike 0-1: Ball 1-1: Ball 2-1: Swinging Strike 2-2: Foul Ball, location: 2F 2-2: Ground out 4-3 (Groundball, 4M, EV 103.8 MPH)
|
Batting: RHB Ferdi Schipper
|
0-0: Called Strike 0-1: Ball 1-1: TRIPLE (Flyball, 89XD, EV 103.8 MPH)
|
Batting: LHB Bobby Scott
|
0-0: Called Strike 0-1: Called Strike 0-2: Ball 1-2: Foul Ball, location: 2F 1-2: Strikes out swinging
|
Top of the 2nd over - 0 runs, 1 hit, 0 errors, 1 left on base; Texas (APP) 1 - Bluefield 0 |
BOTTOM OF THE 2ND |
Bluefield Blue Jays batting - Pitching for Texas (APP) Rangers : RHP Bobby Scott
|
Batting: RHB John Hering
|
0-0: Foul Ball, location: 2F 0-1: Foul Ball, location: 2F 0-2: Fly out, F8 (Line Drive, 8LS, EV 99.4 MPH)
|
Batting: SHB Dominik Hasek II
|
0-0: Ball 1-0: Ball 2-0: Ball 3-0: Called Strike 3-1: SINGLE (Flyball, 8LS, EV 98.8 MPH)
|
Batting: RHB Carlos Bravo
|
0-0: Ball 1-0: Called Strike 1-1: Ball Dominik Hasek II steals 2nd base 2-1: Ball Dominik Hasek II steals 3rd base (no throw) 3-1: Ground out 5-3 (Groundball, 56S, EV 78.1 MPH) Dominik Hasek II scores
|
Batting: LHB Eric Toney
|
0-0: Foul Ball, location: 2F 0-1: Fly out, F9 (Line Drive, 89M, EV 100.6 MPH)
|
Bottom of the 2nd over - 1 run, 1 hit, 0 errors, 0 left on base; Texas (APP) 1 - Bluefield 1 |
TOP OF THE 3RD |
Texas (APP) Rangers batting - Pitching for Bluefield Blue Jays : RHP Scott Lowry
|
Batting: LHB Walter Vegter
|
0-0: Ball 1-0: Called Strike 1-1: Ball 2-1: Swinging Strike 2-2: Strikes out swinging
|
Batting: RHB Sal Cervantes
|
0-0: Called Strike 0-1: Ground out 4-3 (Groundball, 4, EV 99.4 MPH)
|
Batting: LHB Tomoya Hashimoto
|
0-0: Foul Ball, location: 2F 0-1: DOUBLE (Flyball, 89XD, EV 111.9 MPH)
|
Batting: RHB Bryan Wheeler
|
0-0: Ball 1-0: Ball 2-0: Called Strike 2-1: Foul Ball, location: 2F 2-2: Ball 3-2: Foul Ball, location: 2F 3-2: Foul Ball, location: 2F 3-2: 2-RUN HOME RUN (Flyball, 7LD, EV 95.0 MPH), Distance : 353 ft
|
Batting: RHB Rafael Tapia
|
0-0: Swinging Strike 0-1: Ball 1-1: Ball 2-1: Foul Ball, location: 2F 2-2: Ball 3-2: Strikes out looking
|
Top of the 3rd over - 2 runs, 2 hits, 0 errors, 0 left on base; Texas (APP) 3 - Bluefield 1 |
BOTTOM OF THE 3RD |
Bluefield Blue Jays batting - Pitching for Texas (APP) Rangers : RHP Bobby Scott
|
Batting: RHB Shunsuke Shiba Inu
|
0-0: Called Strike 0-1: Hit by Pitch
|
Batting: RHB Stephen Casteel
|
0-0: Ball Shunsuke Shiba Inu steals 2nd, throwing error, E2 Shunsuke Shiba Inu to third 1-0: Ground out 4-3 (Groundball, 4, EV 96.9 MPH) Shunsuke Shiba Inu scores
|
Batting: LHB Kurt Estep
|
0-0: Called Strike 0-1: Ball 1-1: Ball 2-1: Fly out, F8 (Flyball, 8LXD, EV 76.2 MPH)
|
Batting: RHB Bill Murray
|
0-0: Ball 1-0: SINGLE (Flyball, 4D, EV 96.9 MPH)
|
Batting: LHB Lothar Middelkoop
|
0-0: Swinging Strike 0-1: Ball Wild Pitch! Bill Murray to second 1-1: Foul Ball, location: 2F 1-2: Strikes out swinging
|
Bottom of the 3rd over - 1 run, 1 hit, 1 error, 1 left on base; Texas (APP) 3 - Bluefield 2 |
TOP OF THE 4TH |
Texas (APP) Rangers batting - Pitching for Bluefield Blue Jays : RHP Scott Lowry
|
Batting: RHB Morgan Harding
|
0-0: Ball 1-0: Ball 2-0: Ball 3-0: Called Strike 3-1: Base on Balls
|
Batting: SHB Albert Ortiz
|
0-0: Fly out, F6 (Line Drive, 6, EV 67.5 MPH)
|
Batting: RHB Ferdi Schipper
|
0-0: Foul Ball, location: 2F 0-1: Swinging Strike 0-2: Ball 1-2: Strikes out swinging
|
Batting: LHB Bobby Scott
|
0-0: Called Strike 0-1: Ground out 6-3 (Groundball, 4MS, EV 72.5 MPH)
|
Top of the 4th over - 0 runs, 0 hits, 0 errors, 1 left on base; Texas (APP) 3 - Bluefield 2 |
BOTTOM OF THE 4TH |
Bluefield Blue Jays batting - Pitching for Texas (APP) Rangers : RHP Bobby Scott
|
Batting: RHB John Hering
|
0-0: Swinging Strike 0-1: Ball 1-1: Ball 2-1: Ball 3-1: SINGLE (Flyball, 8LS, EV 98.1 MPH)
|
Batting: SHB Dominik Hasek II
|
0-0: Ball John Hering steals 2nd base 1-0: Swinging Strike 1-1: Called Strike 1-2: Strikes out swinging, 2-3 out at first.
|
Batting: RHB Carlos Bravo
|
0-0: Called Strike 0-1: Foul Ball, location: 2F 0-2: Ball 1-2: Ball 2-2: Strikes out swinging
|
Batting: LHB Eric Toney
|
0-0: Swinging Strike 0-1: Foul Ball, location: 2F 0-2: Ball 1-2: Foul Ball, location: 2F 1-2: Strikes out swinging
|
Bottom of the 4th over - 0 runs, 1 hit, 0 errors, 1 left on base; Texas (APP) 3 - Bluefield 2 |
TOP OF THE 5TH |
Texas (APP) Rangers batting - Pitching for Bluefield Blue Jays : RHP Scott Lowry
|
Batting: LHB Walter Vegter
|
0-0: Called Strike 0-1: Ball 1-1: Fly out, F6 (Line Drive, 6, EV 75.0 MPH)
|
Batting: RHB Sal Cervantes
|
0-0: Called Strike 0-1: Foul Ball, location: 2F 0-2: SINGLE (Line Drive, 56, EV 110.0 MPH)
|
Batting: LHB Tomoya Hashimoto
|
0-0: Ball Sal Cervantes steals 2nd base 1-0: SINGLE (Groundball, 4MD, EV 96.2 MPH) Sal Cervantes to third Runner from 3rd tries for Home, SAFE, throw by CF to home
|
Batting: RHB Bryan Wheeler
|
0-0: Ball 1-0: Foul Ball, location: 2F 1-1: Ball 2-1: Ball 3-1: Base on Balls Tomoya Hashimoto to second
|
Batting: RHB Rafael Tapia
|
0-0: Ball 1-0: Foul Ball, location: 2F 1-1: SINGLE (Line Drive, 7LS, EV 101.9 MPH) Tomoya Hashimoto to third Bryan Wheeler to second Runner from 3rd tries for Home, SAFE, throw by LF to home
|
Batting: RHB Morgan Harding
|
0-0: Ball 1-0: Fly out, F9 (Flyball, 9S, EV 90.6 MPH)
|
Batting: SHB Albert Ortiz
|
0-0: Called Strike 0-1: Ball 1-1: Ball 2-1: Swinging Strike 2-2: Foul Ball, location: 2F 2-2: Fly out, F8 (Line Drive, 8LD, EV 86.9 MPH)
|
Top of the 5th over - 2 runs, 3 hits, 0 errors, 2 left on base; Texas (APP) 5 - Bluefield 2 |
BOTTOM OF THE 5TH |
Bluefield Blue Jays batting - Pitching for Texas (APP) Rangers : RHP Bobby Scott
|
Batting: RHB Shunsuke Shiba Inu
|
0-0: Called Strike 0-1: Ground out 6-3 (Groundball, 6, EV 108.1 MPH)
|
Batting: RHB Stephen Casteel
|
0-0: Swinging Strike 0-1: TRIPLE (Line Drive, 89XD, EV 108.1 MPH)
|
Batting: LHB Kurt Estep
|
0-0: Called Strike 0-1: Ground out 5-3 (Groundball, 56, EV 78.8 MPH) Stephen Casteel scores
|
Batting: RHB Bill Murray
|
0-0: Called Strike 0-1: Ball 1-1: Foul Ball, location: 2F 1-2: Ball 2-2: Foul Ball, location: 2F 2-2: Fly out, F9 (Line Drive, 9, EV 99.4 MPH)
|
Bottom of the 5th over - 1 run, 1 hit, 0 errors, 0 left on base; Texas (APP) 5 - Bluefield 3 |
TOP OF THE 6TH |
Texas (APP) Rangers batting - Pitching for Bluefield Blue Jays : RHP Scott Lowry
|
Pitching: RHP Steve Schultz
|
|
Batting: RHB Ferdi Schipper
|
0-0: Swinging Strike 0-1: Called Strike 0-2: Ball 1-2: Strikes out swinging
|
Batting: LHB Bobby Scott
|
0-0: Ball 1-0: Called Strike 1-1: Ball 2-1: Swinging Strike 2-2: Foul Ball, location: 2F 2-2: Foul Ball, location: 2F 2-2: Strikes out swinging
|
Batting: LHB Walter Vegter
|
0-0: Ground out 4-3 (Groundball, 4M, EV 98.8 MPH)
|
Top of the 6th over - 0 runs, 0 hits, 0 errors, 0 left on base; Texas (APP) 5 - Bluefield 3 |
BOTTOM OF THE 6TH |
Bluefield Blue Jays batting - Pitching for Texas (APP) Rangers : RHP Bobby Scott
|
Batting: LHB Lothar Middelkoop
|
0-0: Called Strike 0-1: Foul Ball, location: 2F 0-2: SINGLE (Line Drive, 34D, EV 96.2 MPH)
|
Batting: RHB John Hering
|
0-0: Called Strike 0-1: Fly out, F8 (Flyball, 78M, EV 86.2 MPH)
|
Batting: SHB Dominik Hasek II
|
0-0: SINGLE (Groundball, 56D, EV 100.0 MPH) Lothar Middelkoop to second
|
Batting: RHB Carlos Bravo
|
0-0: Reached on error, E6 (Groundball, 6, EV 98.1 MPH) Lothar Middelkoop to third Dominik Hasek II to second
|
Batting: LHB Eric Toney
|
0-0: Ball 1-0: Ball 2-0: Foul Ball, location: 2F 2-1: Foul Ball, location: 2F 2-2: Ball 3-2: Strikes out swinging
|
Batting: RHB Shunsuke Shiba Inu
|
0-0: Called Strike 0-1: TRIPLE (Flyball, 9D, EV 95.6 MPH) Lothar Middelkoop scores Dominik Hasek II scores Carlos Bravo scores
|
Pitching: LHP Pat Mena
|
|
Batting: RHB Stephen Casteel
|
0-0: Called Strike 0-1: Ball 1-1: Called Strike 1-2: SINGLE (Line Drive, 3D, EV 96.2 MPH) Shunsuke Shiba Inu scores
|
Batting: LHB Kurt Estep
|
0-0: Foul Ball, location: 2F 0-1: Called Strike Stephen Casteel steals 2nd base (no throw) 0-2: Ground out 4-3 (Groundball, 4, EV 101.2 MPH)
|
Bottom of the 6th over - 4 runs, 4 hits, 1 error, 1 left on base; Texas (APP) 5 - Bluefield 7 |
TOP OF THE 7TH |
Texas (APP) Rangers batting - Pitching for Bluefield Blue Jays : RHP Steve Schultz
|
Batting: RHB Sal Cervantes
|
0-0: Ball 1-0: Ball 2-0: Foul Ball, location: 2F 2-1: Swinging Strike 2-2: Foul Ball, location: 2F 2-2: Strikes out swinging
|
Batting: LHB Tomoya Hashimoto
|
0-0: Ball 1-0: Ball 2-0: Called Strike 2-1: Foul Ball, location: 2F 2-2: Strikes out looking
|
Batting: RHB Bryan Wheeler
|
0-0: Called Strike 0-1: SINGLE (Groundball, 3D, EV 95.0 MPH)
|
Batting: RHB Rafael Tapia
|
0-0: Called Strike 0-1: Ball 1-1: Ball 2-1: Reached on error, E5 (Groundball, 56S, EV 86.2 MPH) Bryan Wheeler to second
|
Batting: RHB Morgan Harding
|
0-0: Fielders Choice at 2nd, 6-4 (Groundball, 6, EV 103.1 MPH)
|
Top of the 7th over - 0 runs, 1 hit, 1 error, 2 left on base; Texas (APP) 5 - Bluefield 7 |
BOTTOM OF THE 7TH |
Bluefield Blue Jays batting - Pitching for Texas (APP) Rangers : LHP Pat Mena
|
Pitching: RHP Sebastian Fisk
|
|
Batting: RHB Bill Murray
|
0-0: Called Strike 0-1: SOLO HOME RUN (Line Drive, 78XD, EV 103.8 MPH), Distance : 419 ft
|
Batting: LHB Lothar Middelkoop
|
0-0: Called Strike 0-1: Ball 1-1: Ball 2-1: Ball 3-1: Foul Ball, location: 2F 3-2: DOUBLE (Line Drive, 8LXD, EV 110.0 MPH)
|
Batting: RHB John Hering
|
0-0: Ball 1-0: Foul Ball, location: 2F 1-1: SINGLE (Line Drive, 7S, EV 92.5 MPH) Lothar Middelkoop to third Runner from 3rd tries for Home, SAFE, throw by LF to home John Hering to second
|
Batting: SHB Dominik Hasek II
|
0-0: Ball John Hering steals 3rd base 1-0: Called Strike 1-1: Ball 2-1: Foul Ball, location: 2F 2-2: Ball 3-2: Foul Ball, location: 2F 3-2: Foul Ball, location: 2F 3-2: Base on Balls
|
Batting: RHB Carlos Bravo
|
0-0: Ball 1-0: Ball 2-0: Swinging Strike 2-1: Foul Ball, location: 2F 2-2: SINGLE (Groundball, 6MD, EV 100.6 MPH) John Hering scores Dominik Hasek II to second Runner from 2nd tries for 3rd, OUT! 8-5 Carlos Bravo to second
|
Pitching: RHP Kelly Cole
|
|
Batting: LHB Eric Toney
|
0-0: Called Strike 0-1: Called Strike 0-2: Strikes out swinging
|
Batting: RHB Shunsuke Shiba Inu
|
0-0: Ball 1-0: Swinging Strike 1-1: Called Strike 1-2: Fly out, F8 (Flyball, 89D, EV 85.6 MPH)
|
Bottom of the 7th over - 3 runs, 4 hits, 0 errors, 1 left on base; Texas (APP) 5 - Bluefield 10 |
TOP OF THE 8TH |
Texas (APP) Rangers batting - Pitching for Bluefield Blue Jays : RHP Steve Schultz
|
Batting: SHB Albert Ortiz
|
0-0: Ball 1-0: Fly out, F7 (Flyball, 78S, EV 88.8 MPH)
|
Batting: RHB Ferdi Schipper
|
0-0: Called Strike 0-1: Swinging Strike 0-2: Ball 1-2: Strikes out looking
|
Batting: LHB Bobby Scott
|
0-0: Ball 1-0: Called Strike 1-1: Foul Ball, location: 2F 1-2: Strikes out swinging
|
Top of the 8th over - 0 runs, 0 hits, 0 errors, 0 left on base; Texas (APP) 5 - Bluefield 10 |
BOTTOM OF THE 8TH |
Bluefield Blue Jays batting - Pitching for Texas (APP) Rangers : RHP Kelly Cole
|
Batting: RHB Stephen Casteel
|
0-0: Called Strike 0-1: Foul Ball, location: 2F 0-2: Ground out 5-3 (Groundball, 5, EV 108.8 MPH)
|
Batting: LHB Kurt Estep
|
0-0: Ball 1-0: Foul Ball, location: 2F 1-1: Ground out 4-3 (Groundball, 4MD, EV 102.5 MPH)
|
Batting: RHB Bill Murray
|
0-0: Foul Ball, location: 2F 0-1: SOLO HOME RUN (Flyball, 7D, EV 98.1 MPH), Distance : 376 ft
|
Batting: LHB Lothar Middelkoop
|
0-0: Ball 1-0: Ball 2-0: Called Strike 2-1: Ball 3-1: Base on Balls
|
Batting: RHB John Hering
|
0-0: Foul Ball, location: 2F 0-1: Foul Ball, location: 2F 0-2: Ball 1-2: Ball Wild Pitch! Lothar Middelkoop to second 2-2: Ball Balk! Lothar Middelkoop to third 3-2: Foul Ball, location: 2F 3-2: Base on Balls
|
Batting: SHB Dominik Hasek II
|
0-0: SINGLE (Line Drive, 9S, EV 110.6 MPH) Lothar Middelkoop scores John Hering to second
|
Batting: RHB Carlos Bravo
|
0-0: Foul Ball, location: 2F 0-1: Called Strike Balk! John Hering to third Dominik Hasek II to second 0-2: Ball 1-2: Ball 2-2: Foul Ball, location: 2F 2-2: Ball 3-2: Foul Ball, location: 2F 3-2: 3-RUN HOME RUN (Line Drive, 78XD, EV 110.0 MPH), Distance : 437 ft
|
Pitching: RHP Mike Warren
|
|
Batting: LHB Eric Toney
|
0-0: Fly out, F6 (Popup, 6, EV 57.5 MPH)
|
Bottom of the 8th over - 5 runs, 3 hits, 0 errors, 0 left on base; Texas (APP) 5 - Bluefield 15 |
TOP OF THE 9TH |
Texas (APP) Rangers batting - Pitching for Bluefield Blue Jays : RHP Steve Schultz
|
Batting: LHB Walter Vegter
|
0-0: Called Strike 0-1: Swinging Strike 0-2: Ball 1-2: Ball 2-2: Foul Ball, location: 2F 2-2: Foul Ball, location: 2F 2-2: Foul Ball, location: 2F 2-2: Ball 3-2: Fly out, F5 (Line Drive, 5, EV 67.5 MPH)
|
Batting: RHB Sal Cervantes
|
0-0: Called Strike 0-1: Foul Ball, location: 2F 0-2: Foul Ball, location: 2F 0-2: Ground out 4-3 (Groundball, 4, EV 80.6 MPH)
|
Batting: LHB Tomoya Hashimoto
|
0-0: Ball 1-0: Called Strike 1-1: Ball 2-1: SINGLE (Groundball, 4MD, EV 95.0 MPH)
|
Batting: RHB Bryan Wheeler
|
0-0: SINGLE (Flyball, 89S, EV 95.6 MPH) Tomoya Hashimoto to second
|
Batting: RHB Rafael Tapia
|
0-0: 3-RUN HOME RUN (Flyball, 7D, EV 102.5 MPH), Distance : 382 ft
|
Batting: RHB Morgan Harding
|
0-0: Called Strike 0-1: Ball 1-1: Foul Ball, location: 2F 1-2: Ball 2-2: Strikes out looking
|
Top of the 9th over - 3 runs, 3 hits, 0 errors, 0 left on base; Texas (APP) 8 - Bluefield 15 |
|